| TOP OF THE 1ST |
|
Las Vegas 51s batting - Pitching for New Orleans Zephyrs : RHP John Dinsmore
|
|
Pitching: RHP John Dinsmore
|
|
|
Batting: RHB Billy Walker
|
0-0: Ball 1-0: Ground out 5-3 (Groundball, 56S, EV 88.1 MPH)
|
|
Batting: SHB Masatoshi Akahoshi
|
0-0: Ball 1-0: DOUBLE (Flyball, 78XD, EV 95.6 MPH)
|
|
Batting: SHB Justin Wallace
|
0-0: Fly out, F6 (Popup, 56, EV 63.1 MPH)
|
|
Batting: LHB Bill Armijo
|
0-0: Called Strike 0-1: Ball 1-1: Foul Ball, location: 2F 1-2: Ball 2-2: Strikes out looking
|
| Top of the 1st over - 0 runs, 1 hit, 0 errors, 1 left on base; Las Vegas 0 - New Orleans 0 |
| BOTTOM OF THE 1ST |
|
New Orleans Zephyrs batting - Pitching for Las Vegas 51s : RHP Tony Castellanos
|
|
Pitching: RHP Tony Castellanos
|
|
|
Batting: RHB Boof Howell
|
0-0: Called Strike 0-1: Foul Ball, location: 2F 0-2: Ball 1-2: Ball 2-2: Ground out 5-3 (Groundball, 56, EV 89.4 MPH)
|
|
Batting: LHB David Doge
|
0-0: Swinging Strike 0-1: Ball 1-1: Ball 2-1: Ball 3-1: Ground out 6-3 (Groundball, 56, EV 89.4 MPH)
|
|
Batting: RHB Manuel Taveras
|
0-0: Ball 1-0: Swinging Strike 1-1: Ball 2-1: Swinging Strike 2-2: Ball 3-2: Strikes out looking
|
| Bottom of the 1st over - 0 runs, 0 hits, 0 errors, 0 left on base; Las Vegas 0 - New Orleans 0 |
| TOP OF THE 2ND |
|
Las Vegas 51s batting - Pitching for New Orleans Zephyrs : RHP John Dinsmore
|
|
Batting: RHB Andy Carrell
|
0-0: Ball 1-0: Swinging Strike 1-1: Foul Ball, location: 2F 1-2: SINGLE (Flyball, 3D, EV 91.2 MPH)
|
|
Batting: SHB Nelson Powell
|
0-0: Ball 1-0: Fly out, F7 (Line Drive, 7, EV 96.9 MPH)
|
|
Batting: RHB Mike Phillips
|
0-0: Ball 1-0: Called Strike 1-1: Swinging Strike 1-2: Foul Ball, location: 2F 1-2: Ball 2-2: Strikes out swinging
|
|
Batting: RHB Elias Urbina
|
0-0: Called Strike 0-1: TRIPLE (Groundball, 3D, EV 110.6 MPH) Andy Carrell scores
|
|
Batting: RHB Koen van Oort
|
0-0: Foul Ball, location: 2F 0-1: Ball 1-1: Swinging Strike 1-2: Ball 2-2: SINGLE (Groundball, 56, EV 105.6 MPH) Elias Urbina scores
|
|
Batting: RHB Billy Walker
|
0-0: Called Strike 0-1: Ball 1-1: Ball 2-1: Foul Ball, location: 2F 2-2: Fly out, F7 (Flyball, 7LM, EV 95.6 MPH)
|
| Top of the 2nd over - 2 runs, 3 hits, 0 errors, 1 left on base; Las Vegas 2 - New Orleans 0 |
| BOTTOM OF THE 2ND |
|
New Orleans Zephyrs batting - Pitching for Las Vegas 51s : RHP Tony Castellanos
|
|
Batting: RHB Rick Fell
|
0-0: Ball 1-0: Ball 2-0: Ball 3-0: Called Strike 3-1: Swinging Strike 3-2: Base on Balls
|
|
Batting: RHB Orlando Landa
|
0-0: Ball 1-0: Ball 2-0: Ball 3-0: Base on Balls Rick Fell to second
|
|
Batting: SHB Matt Moore
|
0-0: SINGLE (Line Drive, 8LS, EV 106.9 MPH) Rick Fell to third Orlando Landa to second
|
|
Batting: RHB Harrie de Kam
|
0-0: Ball 1-0: SINGLE (Groundball, 5S, EV 66.2 MPH) (infield hit) Rick Fell scores Orlando Landa to third Matt Moore to second
|
|
Batting: RHB Masumitsu Sugiura
|
0-0: Ball 1-0: Ball 2-0: Called Strike 2-1: Ball 3-1: Foul Ball, location: 2F 3-2: Grounds into double play, 3-6-3 (Groundball, 3, EV 86.2 MPH) Orlando Landa scores Matt Moore to third
|
|
Batting: RHB John Jackson
|
0-0: Called Strike 0-1: Ball 1-1: Swinging Strike 1-2: Foul Ball, location: 2F 1-2: Strikes out swinging, 2-3 out at first.
|
| Bottom of the 2nd over - 2 runs, 2 hits, 0 errors, 1 left on base; Las Vegas 2 - New Orleans 2 |
| TOP OF THE 3RD |
|
Las Vegas 51s batting - Pitching for New Orleans Zephyrs : RHP John Dinsmore
|
|
Batting: SHB Masatoshi Akahoshi
|
0-0: Called Strike 0-1: Fly out, F8 (Flyball, 8LM, EV 78.8 MPH)
|
|
Batting: SHB Justin Wallace
|
0-0: Ball 1-0: Ball 2-0: Ground out 4-3 (Groundball, 4, EV 101.2 MPH)
|
|
Batting: LHB Bill Armijo
|
0-0: Called Strike 0-1: Ball 1-1: Ground out 4-3 (Groundball, 4, EV 98.8 MPH)
|
| Top of the 3rd over - 0 runs, 0 hits, 0 errors, 0 left on base; Las Vegas 2 - New Orleans 2 |
| BOTTOM OF THE 3RD |
|
New Orleans Zephyrs batting - Pitching for Las Vegas 51s : RHP Tony Castellanos
|
|
Batting: RHB Boof Howell
|
0-0: Called Strike 0-1: Ball 1-1: Foul Ball, location: 2F 1-2: Ball 2-2: Ball 3-2: Ground out 4-3 (Groundball, 4, EV 101.2 MPH)
|
|
Batting: LHB David Doge
|
0-0: Ball 1-0: Swinging Strike 1-1: Foul Ball, location: 2F 1-2: Ball 2-2: Foul Ball, location: 2F 2-2: Ball 3-2: Strikes out looking
|
|
Batting: RHB Manuel Taveras
|
0-0: Called Strike 0-1: Ball 1-1: Ball 2-1: Fly out, F7 (Flyball, 7, EV 87.5 MPH)
|
| Bottom of the 3rd over - 0 runs, 0 hits, 0 errors, 0 left on base; Las Vegas 2 - New Orleans 2 |
| TOP OF THE 4TH |
|
Las Vegas 51s batting - Pitching for New Orleans Zephyrs : RHP John Dinsmore
|
|
Batting: RHB Andy Carrell
|
0-0: Called Strike 0-1: Ball 1-1: SINGLE (Groundball, 6MD, EV 106.9 MPH)
|
|
Batting: SHB Nelson Powell
|
0-0: Reached on error, E9 (Line Drive, 89M, EV 100.0 MPH) Andy Carrell to third
|
|
Batting: RHB Mike Phillips
|
0-0: Swinging Strike 0-1: Ground out 4-3 (Groundball, 4, EV 103.8 MPH) Andy Carrell scores Nelson Powell to third
|
|
Batting: RHB Elias Urbina
|
0-0: Ball 1-0: Foul Ball, location: 2F 1-1: Called Strike 1-2: Foul Ball, location: 2F 1-2: Ball 2-2: Ground out 5-3 (Groundball, 56, EV 79.4 MPH) Nelson Powell scores
|
|
Batting: RHB Koen van Oort
|
0-0: Called Strike 0-1: Called Strike 0-2: Strikes out swinging, 2-3 out at first.
|
| Top of the 4th over - 2 runs, 1 hit, 1 error, 0 left on base; Las Vegas 4 - New Orleans 2 |
| BOTTOM OF THE 4TH |
|
New Orleans Zephyrs batting - Pitching for Las Vegas 51s : RHP Tony Castellanos
|
|
Batting: RHB Rick Fell
|
0-0: Ball 1-0: Called Strike 1-1: Ball 2-1: Fly out, F9 (Flyball, 89S, EV 84.4 MPH)
|
|
Batting: RHB Orlando Landa
|
0-0: Ball 1-0: Called Strike 1-1: Ball 2-1: Foul Ball, location: 2F 2-2: Strikes out looking
|
|
Batting: SHB Matt Moore
|
0-0: Called Strike 0-1: SINGLE (Groundball, 6D, EV 103.1 MPH)
|
|
Batting: RHB Harrie de Kam
|
0-0: Called Strike 0-1: Foul Ball, location: 2F 0-2: Ball 1-2: Fly out, F9 (Flyball, 9S, EV 88.8 MPH)
|
| Bottom of the 4th over - 0 runs, 1 hit, 0 errors, 1 left on base; Las Vegas 4 - New Orleans 2 |
| TOP OF THE 5TH |
|
Las Vegas 51s batting - Pitching for New Orleans Zephyrs : RHP John Dinsmore
|
|
Batting: RHB Billy Walker
|
0-0: Foul Ball, location: 2F 0-1: Fly out, F7 (Flyball, 7, EV 95.6 MPH)
|
|
Batting: SHB Masatoshi Akahoshi
|
0-0: Reached on error, E3 (Groundball, 34, EV 80.0 MPH)
|
|
Batting: SHB Justin Wallace
|
0-0: Ball 1-0: Called Strike 1-1: Called Strike 1-2: DOUBLE (Flyball, 78D, EV 92.5 MPH) Masatoshi Akahoshi to third Runner from 3rd tries for Home, SAFE, throw by CF to trailing runner, OUT at third! 8-3-5
|
|
Batting: LHB Bill Armijo
|
0-0: Ball 1-0: Ball 2-0: Ball 3-0: Called Strike 3-1: Base on Balls
|
|
Pitching: LHP Tyler Murders
|
|
|
Batting: RHB Andy Carrell
|
0-0: Foul Ball, location: 2F 0-1: Ground out 6-3 (Groundball, 6S, EV 86.9 MPH)
|
| Top of the 5th over - 1 run, 1 hit, 1 error, 1 left on base; Las Vegas 5 - New Orleans 2 |
| BOTTOM OF THE 5TH |
|
New Orleans Zephyrs batting - Pitching for Las Vegas 51s : RHP Tony Castellanos
|
|
Batting: RHB Masumitsu Sugiura
|
0-0: Called Strike 0-1: Called Strike 0-2: Ball 1-2: Ground out 4-3 (Groundball, 4, EV 103.1 MPH)
|
|
Batting: RHB John Jackson
|
0-0: Called Strike 0-1: Ball 1-1: Foul Ball, location: 2F 1-2: Ball 2-2: Ball 3-2: Strikes out looking
|
|
Batting: RHB Boof Howell
|
0-0: Ball 1-0: Ball 2-0: Called Strike 2-1: Swinging Strike 2-2: Ball 3-2: Base on Balls
|
|
Batting: LHB David Doge
|
0-0: Ball 1-0: Ground out 4-3 (Groundball, 34, EV 97.5 MPH)
|
| Bottom of the 5th over - 0 runs, 0 hits, 0 errors, 1 left on base; Las Vegas 5 - New Orleans 2 |
| TOP OF THE 6TH |
|
Las Vegas 51s batting - Pitching for New Orleans Zephyrs : LHP Tyler Murders
|
|
Batting: SHB Nelson Powell
|
0-0: Ball 1-0: Called Strike 1-1: Ball 2-1: Called Strike 2-2: Ground out 6-3 (Groundball, 6, EV 89.4 MPH)
|
|
Batting: RHB Mike Phillips
|
0-0: SINGLE (Groundball, 6D, EV 104.4 MPH)
|
|
Batting: RHB Elias Urbina
|
0-0: Ball 1-0: Fly out, F8 (Flyball, 89D, EV 93.1 MPH)
|
|
Batting: RHB Koen van Oort
|
0-0: Ball 1-0: Called Strike 1-1: Foul Ball, location: 2F 1-2: Foul Ball, location: 2F 1-2: Foul Ball, location: 2F 1-2: Foul Ball, location: 2F 1-2: Strikes out swinging
|
| Top of the 6th over - 0 runs, 1 hit, 0 errors, 1 left on base; Las Vegas 5 - New Orleans 2 |
| BOTTOM OF THE 6TH |
|
New Orleans Zephyrs batting - Pitching for Las Vegas 51s : RHP Tony Castellanos
|
|
Batting: RHB Manuel Taveras
|
0-0: Ball 1-0: Ball 2-0: Foul Ball, location: 2F 2-1: Ball 3-1: Base on Balls
|
|
Batting: RHB Rick Fell
|
0-0: Ball 1-0: Foul Ball, location: 2F 1-1: Ball 2-1: Ground out 6-3 (Groundball, 6MS, EV 69.4 MPH) Manuel Taveras to second
|
|
Batting: RHB Orlando Landa
|
0-0: Ball Wild Pitch! Manuel Taveras to third 1-0: Called Strike 1-1: Ball 2-1: Ball 3-1: Base on Balls
|
|
Pitching: RHP Barney Pederson
|
|
|
Batting: SHB Matt Moore
|
0-0: Ball 1-0: SINGLE (Line Drive, 89S, EV 96.2 MPH) Manuel Taveras scores Orlando Landa to second Throwing error, E9 Orlando Landa scores Matt Moore to second
|
|
Pinch Hitting: SHB Ramon Martinez
|
0-0: Ball 1-0: Ball 2-0: Ball 3-0: Called Strike 3-1: Base on Balls
|
|
Batting: RHB Masumitsu Sugiura
|
0-0: Ball 1-0: Called Strike 1-1: Swinging Strike 1-2: Strikes out swinging
|
|
Batting: RHB John Jackson
|
0-0: Ball 1-0: Fielders Choice at 2nd, U4 (Groundball, 4M, EV 77.5 MPH)
|
| Bottom of the 6th over - 2 runs, 1 hit, 1 error, 2 left on base; Las Vegas 5 - New Orleans 4 |
| TOP OF THE 7TH |
|
Las Vegas 51s batting - Pitching for New Orleans Zephyrs : LHP Tyler Murders
|
|
Now at 1B: Eric Bailey
|
|
|
Now in CF: David Doge
|
|
|
Batting: RHB Billy Walker
|
0-0: Ball 1-0: Called Strike 1-1: Fly out, F8 (Flyball, 89S, EV 89.4 MPH)
|
|
Batting: SHB Masatoshi Akahoshi
|
0-0: Fly out, F9 (Flyball, 9, EV 87.5 MPH)
|
|
Batting: SHB Justin Wallace
|
0-0: Ball 1-0: Swinging Strike 1-1: Ball 2-1: Foul Ball, location: 2F 2-2: Ball 3-2: Ground out 5-3 (Groundball, 56D, EV 81.2 MPH)
|
| Top of the 7th over - 0 runs, 0 hits, 0 errors, 0 left on base; Las Vegas 5 - New Orleans 4 |
| BOTTOM OF THE 7TH |
|
New Orleans Zephyrs batting - Pitching for Las Vegas 51s : RHP Barney Pederson
|
|
Batting: RHB Boof Howell
|
0-0: TRIPLE (Flyball, 89XD, EV 105.0 MPH)
|
|
Batting: LHB David Doge
|
0-0: Called Strike 0-1: Foul Ball, location: 2F 0-2: Ground out U3 (Groundball, 3, EV 88.1 MPH)
|
|
Batting: RHB Manuel Taveras
|
0-0: Ball 1-0: Ball 2-0: Ball 3-0: Base on Balls
|
|
Batting: RHB Rick Fell
|
0-0: Foul Ball, location: 2F 0-1: Ball 1-1: Ball 2-1: Fly out, F7 (Flyball, 78S, EV 78.1 MPH)
|
|
Batting: RHB Orlando Landa
|
0-0: Called Strike 0-1: SINGLE (Groundball, 56D, EV 103.1 MPH) Boof Howell scores Manuel Taveras to second
|
|
Batting: SHB Matt Moore
|
0-0: Called Strike 0-1: Swinging Strike 0-2: Ball 1-2: Strikes out swinging
|
| Bottom of the 7th over - 1 run, 2 hits, 0 errors, 2 left on base; Las Vegas 5 - New Orleans 5 |
| TOP OF THE 8TH |
|
Las Vegas 51s batting - Pitching for New Orleans Zephyrs : LHP Tyler Murders
|
|
Pitching: LHP Hideo Komatsu
|
|
|
Pinch Hitting: RHB Jayden Copeland
|
0-0: Foul Ball, location: 2F 0-1: Foul Ball, location: 2F 0-2: Ball 1-2: Ball 2-2: Ground out 6-3 (Groundball, 56, EV 86.9 MPH)
|
|
Batting: RHB Andy Carrell
|
0-0: Foul Ball, location: 2F 0-1: Ball 1-1: Foul Ball, location: 2F 1-2: Strikes out swinging
|
|
Batting: SHB Nelson Powell
|
0-0: Foul Ball, location: 2F 0-1: Ball 1-1: Swinging Strike 1-2: Ground out U3 (Groundball, 34, EV 91.9 MPH)
|
| Top of the 8th over - 0 runs, 0 hits, 0 errors, 0 left on base; Las Vegas 5 - New Orleans 5 |
| BOTTOM OF THE 8TH |
|
New Orleans Zephyrs batting - Pitching for Las Vegas 51s : RHP Barney Pederson
|
|
Pitching: RHP Ryan Wilson
|
|
|
Now in CF: Devine Adams
|
|
|
Batting: LHB Eric Bailey
|
0-0: Ball 1-0: Ball 2-0: Foul Ball, location: 2F 2-1: Ball 3-1: SINGLE (Groundball, 6S, EV 66.9 MPH) (infield hit)
|
|
Batting: RHB Masumitsu Sugiura
|
0-0: Ball 1-0: Ball 2-0: Called Strike 2-1: Bunted foul 2-2: Strikes out looking
|
|
Batting: RHB John Jackson
|
0-0: Fly out, F7 (Flyball, 7LM, EV 78.8 MPH)
|
|
Batting: RHB Boof Howell
|
0-0: Ball 1-0: Called Strike Eric Bailey is caught stealing 2nd base 2-4
|
| Bottom of the 8th over - 0 runs, 1 hit, 0 errors, 0 left on base; Las Vegas 5 - New Orleans 5 |
| TOP OF THE 9TH |
|
Las Vegas 51s batting - Pitching for New Orleans Zephyrs : LHP Hideo Komatsu
|
|
Batting: RHB Mike Phillips
|
0-0: Ball 1-0: Ball 2-0: Called Strike 2-1: Fly out, F8 (Flyball, 8RXD, EV 103.8 MPH)
|
|
Batting: RHB Elias Urbina
|
0-0: Swinging Strike 0-1: Ground out 4-3 (Groundball, 4, EV 86.2 MPH)
|
|
Batting: RHB Koen van Oort
|
0-0: Foul Ball, location: 2F 0-1: Foul Ball, location: 2F 0-2: Foul Ball, location: 2F 0-2: Strikes out looking
|
| Top of the 9th over - 0 runs, 0 hits, 0 errors, 0 left on base; Las Vegas 5 - New Orleans 5 |
| BOTTOM OF THE 9TH |
|
New Orleans Zephyrs batting - Pitching for Las Vegas 51s : RHP Ryan Wilson
|
|
Pitching: RHP Jason Vulich
|
|
|
Batting: RHB Boof Howell
|
0-0: Called Strike 0-1: Ground out 4-3 (Groundball, 4D, EV 93.8 MPH)
|
|
Batting: LHB David Doge
|
0-0: Ball 1-0: Ball 2-0: Ball 3-0: Base on Balls
|
|
Batting: RHB Manuel Taveras
|
0-0: Ball 1-0: Ball 2-0: Called Strike 2-1: Fielders Choice at 2nd, 4-6 (Groundball, 34, EV 84.4 MPH)
|
|
Batting: RHB Rick Fell
|
0-0: Called Strike 0-1: Ball 1-1: 2-RUN HOME RUN (Flyball, 7LD, EV 105.0 MPH), Distance : 401 ft
|
| Bottom of the 9th over - 2 runs, 1 hit, 0 errors, 0 left on base; Las Vegas 5 - New Orleans 7 |
|